 Dungeon Crawl Stone Soup version 0.25-a0-517-gf8b3a32422 (webtiles) character file.

Game seed: 12345113065669183791, levelgen mode: classic

504 EnegeticOcto the Chopper (level 6, -2/58 HPs)
             Began as a Deep Dwarf Fighter on Feb 17, 2020.
             Killed from afar by emiel's ghost (5 damage)
             ... with a sticky flame
             ... on level 4 of the Dungeon.
             The game lasted 00:00:57 (1083 turns).

EnegeticOcto the Chopper (Deep Dwarf Fighter)       Turns: 1083, Time: 00:00:57

Health: -2/58      AC:  7    Str: 22    XL:     6   Next: 96%
Magic:  0/0        EV:  9    Int:  8    God:
Gold:   24         SH: 10    Dex: 12    Spells: 5/5 levels left

rFire    . . .     SeeInvis .   a - +0 war axe
rCold    . . .     Gourm    .   c - +0 kite shield
rNeg     . . .     Faith    .   b - +0 scale mail
rPois    .         Spirit   .   (no helmet)
rElec    .         Reflect  .   (no cloak)
rCorr    .         Harm     .   (no gloves)
MR       .....                  (no boots)
Stlth    ..........             (no amulet)
HPRegen  0.00/turn              (no ring)
MPRegen  0.07/turn              (no ring)

@: liquid flames, non-regenerating, glowing
A: damage resistance, heal wounds, sense surroundings 1, no regeneration
a: Heal Wounds


You were on level 4 of the Dungeon.
You were not hungry.

You visited 1 branch of the dungeon, and saw 4 of its levels.

You collected 24 gold pieces.

Inventory:

Hand Weapons
 a - a +0 war axe (weapon)
Armour
 b - a +0 scale mail (worn)
 c - a +0 kite shield (worn)
Jewellery
 p - a cursed amulet of inaccuracy {unknown}
Scrolls
 d - a scroll of blinking {unknown}
 f - a scroll of amnesia {unknown}
 g - 2 scrolls of immolation {unknown}
 j - a scroll of identify {unknown}
 l - 2 scrolls of remove curse {unknown}
 n - a scroll of random uselessness {unknown}
Potions
 i - 2 potions of curing {unknown}
 k - a potion of might {@q3}
 m - 2 potions of heal wounds {unknown}
 o - a potion of resistance {unknown}
 q - a potion of berserk rage {unknown}
Comestibles
 e - 4 rations
 h - 12 chunks of flesh


   Skills:
 * Level 4.4 Fighting
 * Level 4.8 Axes
 + Level 4.4 Armour
 + Level 2.6 Dodging
 + Level 4.4 Shields


You had 5 spell levels left.
You didn't know any spells.
Your spell library was empty.

Dungeon Overview and Level Annotations

Branches:
Dungeon (4/15)
 Temple: D:4-7

Altars:

Annotations:
D:4 1 transporter, emiel's ghost, amateur HOFE


Innate Abilities, Weirdness & Mutations

You are resistant to damage.
You can heal yourself by infusing magical energy.
You passively map a small area around you.
You do not regenerate.


Message History

Your shield and scale mail prevent you from hitting emiel's ghost.
Emiel's ghost is lightly damaged.
You are covered in liquid flames!
Emiel's ghost hits you but does no damage.
You slash emiel's ghost!
Emiel's ghost is moderately damaged.
You are covered in liquid flames!
Emiel's ghost keens inconsolably.
You block emiel's ghost's attack.
You slash emiel's ghost!
Emiel's ghost is heavily damaged.
Emiel's ghost sprays you with burning goo.
The sticky flame hits you.
You are covered in liquid flames!
Emiel's ghost closely misses you.
You closely miss emiel's ghost.
Emiel's ghost is heavily damaged.
You are covered in liquid flames!
Emiel's ghost sprays you with burning goo.
The sticky flame hits you.
You are covered in liquid flames!
You are too injured to fight recklessly!
You are too injured to fight recklessly!
You are too injured to fight recklessly!
You are too injured to fight recklessly!
You are too injured to fight recklessly!
You are too injured to fight recklessly!
You are too injured to fight recklessly!
You are too injured to fight recklessly!
You are too injured to fight recklessly!
Your magical essence is drained by the effort!
You feel much better.
You are covered in liquid flames!
Emiel's ghost sprays you with burning goo.
The sticky flame hits you.
You are covered in liquid flames!
You don't have enough innate magic capacity.
You closely miss emiel's ghost.
Emiel's ghost is heavily damaged.
You are covered in liquid flames!
Emiel's ghost sprays you with burning goo.
The sticky flame hits you.
You are covered in liquid flames!
You slash emiel's ghost!
Emiel's ghost is severely damaged.
You are covered in liquid flames!
Emiel's ghost hits you but does no damage.
Emiel's ghost hits you!
You hit emiel's ghost but do no damage.
Emiel's ghost is severely damaged.
You are covered in liquid flames!
You block emiel's ghost's attack.
You closely miss emiel's ghost.
Emiel's ghost is severely damaged.
You are covered in liquid flames!
* * * LOW HITPOINT WARNING * * *
Emiel's ghost grins evilly.
You block emiel's ghost's attack.
You are too injured to fight recklessly!
You are too injured to fight recklessly!
You are too injured to fight recklessly!
You are too injured to fight recklessly!
You are too injured to fight recklessly!
You are too injured to fight recklessly!
You are too injured to fight recklessly!
You are too injured to fight recklessly!
You are too injured to fight recklessly!
You are too injured to fight recklessly!
You don't have enough innate magic capacity.
You don't have enough innate magic capacity.
You don't have enough innate magic capacity.
You are too injured to fight recklessly!
You are too injured to fight recklessly!
You are too injured to fight recklessly!
You are too injured to fight recklessly!
You are too injured to fight recklessly!
You are too injured to fight recklessly!
You are too injured to fight recklessly!
You closely miss emiel's ghost.
Emiel's ghost is severely damaged.
You are covered in liquid flames!
* * * LOW HITPOINT WARNING * * *
Emiel's ghost hits you.
Emiel's ghost sprays you with burning goo.
The sticky flame hits you.
You are covered in liquid flames!
* * * LOW HITPOINT WARNING * * *
You barely miss emiel's ghost.
Emiel's ghost is severely damaged.
You are covered in liquid flames!
* * * LOW HITPOINT WARNING * * *
Emiel's ghost closely misses you.
You closely miss emiel's ghost.
Emiel's ghost is severely damaged.
You are covered in liquid flames!
* * * LOW HITPOINT WARNING * * *
Emiel's ghost sprays you with burning goo.
The sticky flame hits you.
You are covered in liquid flames!
You die...

#.# #..# #.#.#
#.######..#######.#.#
#...................# #########
...#..............#######........
.....###................#.##.....
##.### #..#############.#.##.####
#.# #..#©..........#.#........
#.# #<.#...........#..>##.###.
#.# ##..#..###@###..#.####.# #.
##.####...#..#8#W#8#..#.## #.# #.
.....##...#....ZZZ...$#..###.###.
####.##..©#.....Z....?#©..##.....
####.###..#..........$#...##..###
#....# ##.#..#8#.#8#..#.#.##..#
#.#### #.#..###.###..#.......#
#.# #.#..........(#.####..# #.#
#.#...........#.# #..###


You could see emiel's ghost, a bullfrog zombie, a killer bee zombie, a jackal
skeleton and a wyvern skeleton.

Vanquished Creatures
  Eustachio (D:4)
  An ogre (D:4)
  A bullfrog (D:4)
  An orc priest (D:4)
  A bullfrog skeleton (D:4)
  An iguana (D:4)
  4 worker ants (D:4)
  An adder (D:4)
  2 dart slugs (D:4)
  A leopard gecko (D:4)
  4 orcs (D:4)
  2 giant cockroaches (D:4)
  A goblin (D:1)
  3 hobgoblins (D:1)
  2 quokkas
  A ball python (D:4)
  2 bats (D:3)
  2 frilled lizards (D:3)
  A jackal skeleton (D:4)
  4 kobolds
  3 rats (D:3)
39 creatures vanquished.

Notes
Turn   | Place    | Note
-------+----------+-------------------------------------------
     0 | D:1      | EnegeticOcto the Deep Dwarf Fighter began the quest for the
                  | Orb.
     0 | D:1      | Reached XP level 1. HP: 20/20 MP: 1/1
   323 | D:3      | Reached XP level 2. HP: 21/27 MP: 2/2
   426 | D:4      | Found a transporter.
   426 | D:4      | Found a transporter.
   426 | D:4      | Noticed emiel's ghost (amateur HOFE)
   463 | D:4      | Reached XP level 3. HP: 25/34 MP: 2/2
   492 | D:4      | Reached skill level 1 in Dodging
   508 | D:4      | Reached XP level 4. HP: 31/42 MP: 3/3
   598 | D:4      | Reached XP level 5. HP: 35/50 MP: 4/4
   806 | D:4      | Noticed an ogre
   817 | D:4      | Killed an ogre
   817 | D:4      | Reached XP level 6. HP: 32/57 MP: 2/2
  1000 | D:4      | Noticed Eustachio
  1013 | D:4      | Killed Eustachio
  1083 | D:4      | Killed from afar by emiel's ghost

Levels and vault maps discovered:
D:1:      dpeg_chamrin_arrival_tetris, layout_basic
D:2:      layout_loops_cross, first_ration, minmay_three_crescents
D:3:      layout_basic, uniq_robin
D:4:      layout_loops_ring, gammafunk_ghost_mausoleum, uniq_eustachio

Skill      XL: |  1  2  3  4  5 |
---------------+----------------+-----
Fighting       | 3 4 |  4.4
Axes           | 3 4 |  4.8
Dodging        | 1 2 |  2.6
Armour         | 4 |  4.4
Shields        | 4 |  4.4

Action                   |  1- 3 |  4- 6 || total
-------------------------+-------+-------++-------
Melee: War axe           |    80 |   121 ||   201
 Abil: Heal Wounds       |     2 |     8 ||    10
  Eat: Chunk             |       |     1 ||     1
Armor: Scale mail        |    41 |    35 ||    76
Dodge: Dodged            |    21 |    35 ||    56
Block: Kite shield       |    54 |    68 ||   122

Table legend:
 A = Non-vault XP
 B = Vault XP
 C = Vault XP percentage of total XP
 D = Non-vault monster count
 E = Vault monster count
 F = Vault count percentage of total count
                 A         B        C        D         E       F
            +---------+---------+-------+---------+---------+-------
      Total |     524 |     197 |  27.3 |      38 |       1 |   2.6
            +---------+---------+-------+---------+---------+-------
        D:1 |       9 |       0 |   0.0 |       5 |       0 |   0.0
        D:3 |      15 |       0 |   0.0 |      11 |       0 |   0.0
        D:4 |     500 |     197 |  28.3 |      22 |       1 |   4.3
            +---------+---------+-------+---------+---------+-------
